 Dungeon Crawl Stone Soup version 0.27.1-3-gb3d3a73c9e (webtiles) character file.

Game seed: 16369090028787750413

102 Crownlay the Digger (level 4, -1/24 HPs)
             Began as a Gargoyle Earth Elementalist on Oct 16, 2021.
             Slain by a gnoll (9 damage)
             ... on level 3 of the Dungeon.
             The game lasted 00:02:59 (3415 turns).

Crownlay the Digger (Gargoyle Earth Elementalist)   Turns: 3415, Time: 00:03:00

Health: -1/24      AC:  8    Str: 12    XL:     4   Next: 78%
Magic:  3/9        EV: 15    Int: 16    God:
Gold:   79         SH:  0    Dex: 10    Spells: 8/9 levels left

rFire    . . .     SeeInvis .   e - +0 short sword
rCold    . . .     Faith    .   (no shield)
rNeg     + . .     Spirit   .   b - +0 robe
rPois    ∞         Reflect  .   n - +2 helmet
rElec    +         Harm     .   (no cloak)
rCorr    .         Rampage  .   (no gloves)
Will     .....                  (no boots)
Stlth    ++........             (no amulet)
HPRegen  0.08/turn              j - +4 ring of evasion
MPRegen  0.11/turn              (no ring)

@: no status effects
A: sickness immunity, AC +3, negative energy resistance 1, electricity
resistance, torment resistance 1, petrification resistance
a: no special abilities


You were on level 3 of the Dungeon.
You visited 1 branch of the dungeon, and saw 3 of its levels.

You collected 79 gold pieces.

Inventory:

Hand Weapons
 e - a +0 short sword (weapon)
Missiles
 c - 52 stones
Armour
 b - a +0 robe (worn)
 n - a +2 helmet (worn)
Jewellery
 j - a +4 ring of evasion (left hand)
Scrolls
 d - a scroll of identify
 f - 2 scrolls of summoning
 g - a scroll of amnesia
 i - a scroll of acquirement {unknown}
 k - a scroll of enchant weapon {unknown}
 l - a scroll of magic mapping
Potions
 a - a potion of heal wounds {unknown}
 h - a potion of haste {unknown}
 m - 2 potions of berserk rage


   Skills:
 - Level 1.5 Dodging
 - Level 2.1 Stealth
 + Level 3.4 Spellcasting
 - Level 0.7 Transmutations
 + Level 5.2 Earth Magic


You had 8 spell levels left.
You knew the following spells:

 Your Spells              Type           Power      Damage    Failure   Level
a - Sandblast             Erth           38%        2d10      1%          1

Your spell library contained the following spells:

 Spells                   Type           Power      Damage    Failure   Level
 Passwall                 Tmut/Erth      10%        N/A       8%          2
 Stone Arrow              Conj/Erth      22%        3d8       19%         3
 Petrify                  Tmut/Erth      12%        N/A       45%         4


Dungeon Overview and Level Annotations

Branches:
Dungeon (3/15)

Altars:
Cheibriados


Innate Abilities, Weirdness & Mutations

You are immune to sickness and miasma.
Your stone body is resilient. (AC +3)
You are immune to poison.
You resist negative energy. (rN+)
You are resistant to electric shocks. (rElec)
You are resistant to unholy torment.
You are immune to petrification.


Message History

Aim: a hobgoblin, wielding a +0 dagger (79% to hit)
The blast of sand hits the hobgoblin!
You kill the hobgoblin!
HP restored.
You see here an adder corpse.
You now have 79 gold pieces (gained 14).
Things that are here:
a +0 dagger; a hobgoblin corpse A gnoll comes into view.
It is wielding a +0 flail of protection.
A gnoll is nearby!
A gnoll comes into view. It is wielding a +0 halberd.
The gnoll shouts! x2; You hear a shout! x2
You can't see any susceptible monsters within range! (Use Z to cast anyway.)
You hear a shout!
You miscast Sandblast.
You are very lightly contaminated with residual magic.
Nothing appears to happen.
The blast of sand hits the gnoll but does no damage.
The blast of sand hits the gnoll!
The gnoll is heavily wounded.
The gnoll barely misses you. x2
The blast of sand hits the gnoll but does no damage.
The gnoll is heavily wounded.
The gnoll misses you.
The gnoll hits you with a +0 flail of protection.
The blast of sand hits the gnoll but does no damage.
The gnoll is heavily wounded.
The gnoll hits you from afar with a +0 halberd!
The blast of sand hits the gnoll but does no damage.
The gnoll is heavily wounded.
The gnoll closely misses you. The gnoll misses you.
The blast of sand hits the gnoll.
The gnoll is severely wounded.
The gnoll misses you.
The gnoll hits you with a +0 flail of protection!
Your magical contamination has completely faded away.
The gnoll hits you with a +0 flail of protection.
The gnoll hits you but does no damage.
The gnoll hits you with a +0 flail of protection!
You die...

######### ########.#.....#
......... .........>.....###
........# ########.#.....'..
......... ..#....#.#.....##.
........####.#.##.#.#.....##.
.............#..#.#.########.
.............#..#.#.########.
..........gg.#.............#.
#######.....@####.#.######.##
#...........#.######.#
#.....####...........#
#.....'....≈≈≈≈.≈≈≈≈.#
#.....###..≈..§.§..≈.#
#.....###..≈.≈≈≈§§.≈.#
#.##.......≈.§..§≈.≈.#
#.#######..≈.≈._.≈.≈.#
..........≈.≈..§§.≈.#


You could see 2 gnolls.

Vanquished Creatures
  Robin (D:2)
  An adder (D:3)
  2 worms
  3 dart slugs
  5 bats
  8 endoplasms
  3 giant cockroaches
  8 goblins (D:2)
  8 hobgoblins
  4 jackals (D:2)
  8 kobolds
  3 quokkas (D:1)
  5 ball pythons (D:1)
  4 frilled lizards
  2 rats
65 creatures vanquished.

Vanquished Creatures (others)
  2 plants (D:1)
2 creatures vanquished.

Grand Total: 67 creatures vanquished

Notes
Turn   | Place    | Note
-------+----------+-------------------------------------------
     0 | D:1      | Crownlay the Gargoyle Earth Elementalist began the quest
                  | for the Orb.
     0 | D:1      | Reached XP level 1. HP: 10/10 MP: 3/3
   361 | D:1      | Reached skill level 4 in Earth Magic
   361 | D:1      | Reached XP level 2. HP: 15/15 MP: 5/5
   372 | D:1      | Found a faded altar of an unknown god.
  1066 | D:1      | Reached XP level 3. HP: 18/19 MP: 6/6
  2303 | D:2      | Noticed Robin
  2315 | D:2      | Killed Robin
  2316 | D:2      | Reached XP level 4. HP: 19/24 MP: 4/8
  2489 | D:2      | Reached skill level 5 in Earth Magic
  3261 | D:3      | Found a snail-covered altar of Cheibriados.
  3415 | D:3      | Slain by a gnoll

Illustrated notes

Levels and vault maps discovered:
D:1:      eino_arrival_cavern_d, layout_basic, serial_glass, glass_columns_a,
          glass_columns_b, glass_columns_b, glass_columns_b, glass_columns_a,
          glass_columns_a, glass_columns_b, glass_columns_a, glass_columns_a,
          glass_columns_b, shapermc_ecumenical_altar_petra, interstate_on_off
D:2:      minmay_spotlight, layout_basic, minmay_hexomino_f4, uniq_robin
D:3:      layout_basic, mainiacjoe_overflow_concentric_impassable,
          chequers_avenue, roderic_roman_lattice

Skill      XL: |  1  2  3  4 |
---------------+-------------+-----
Earth Magic    | 4 5 |  5.2
Spellcasting   | 3 |  3.4
Dodging        | |  1.5
Stealth        | |  2.1
Transmutations | |  0.7

Action                   |  1- 3 |  4- 6 || total
-------------------------+-------+-------++-------
Melee: Unarmed           |    10 |       ||    10
       Short sword       |   121 |    71 ||   192
 Cast: Sandblast         |    22 |     8 ||    30
  Use: Scroll            |       |     4 ||     4
 Stab: Sleeping          |     5 |     5 ||    10
Armor: Robe              |    42 |    29 ||    71
Dodge: Dodged            |    91 |    60 ||   151
